Map: Катализатор РВ

Players

EnigmA - Winner!

  • Race: Protoss Protoss
  • League: Master
  • Spawn Location: 5:00

BatGrok

  • Race: Zerg Zerg
  • League: Master
  • Spawn Location: 11:00

VOD

Have the link to the VOD?

Description

Time

  • Played on: March 26, 2018, 1:58 p.m.
  • Length: 11:05
Show
View Real Time Build Order
Export as new Build Order

EnigmA Protoss - Winner!

Build Orders: 1 Gate Expand, Phoenix Opening 

Get SALT Encoding   

  12  0:02  Probe  
  14  0:14  Probe  
  14  0:25  Pylon  
  14  0:26  Probe  
  15  0:43  Gateway, Probe (Chrono Boost)  
  15  0:48  Assimilator  
  16  0:53  Probe (Chrono Boost)  
  17  0:58  Probe (Chrono Boost)  
  18  1:09  Probe  
  19  1:21  Probe  
  20  1:28  Nexus  
  20  1:37  Cybernetics Core  
  20  1:39  Probe  
  21  1:48  Assimilator  
  21  1:51  Probe  
  22  1:54  Pylon  
  22  2:03  Probe  
  23  2:11  Adept (Chrono Boost)  
  23  2:15  Probe  
  26  2:19  Stargate  
  26  2:27  Probe  
  26  2:29  Warp Gate  
  27  2:31  Adept  
  29  2:40  Probe x2 (Chrono Boost)  
  32  2:52  Probe x2 (Chrono Boost)  
  33  2:59  Probe x2 (Chrono Boost)  
  33  3:04  Phoenix (Chrono Boost)  
  37  3:06  Probe  
  37  3:07  Probe  
  39  3:18  Probe  
  39  3:19  Probe  
  41  3:20  Twilight Council  
  41  3:23  Adept  
  43  3:30  Probe  
  43  3:31  Probe  
  45  3:36  Gateway x2  
  45  3:41  Pylon  
  45  3:42  Probe  
  46  3:49  Resonating Glaives (Chrono Boost)  
  46  3:53  Pylon  
  46  3:59  Probe x2  
  48  4:03  Assimilator  
  48  4:05  Assimilator  
  48  4:11  Probe x2  
  50  4:21  Nexus  
  50  4:22  Pylon  
  50  4:28  Probe x2  
  52  4:35  Adept x2  
  52  4:36  Adept  
  58  4:39  Pylon  
  58  4:40  Probe  
  58  4:42  Shield Battery  
  59  4:47  Probe  
  59  4:52  Probe  
  61  4:54  Robotics Facility  
  61  4:57  Adept x2  
  61  4:58  Adept  
  67  5:00  Probe  
  67  5:04  Probe  
  69  5:12  Forge, Probe  
  70  5:18  Adept  
  70  5:19  Sentry x2  
  76  5:21  Probe  
  76  5:24  Probe  
  78  5:33  Probe  
  79  5:36  Probe  
  79  5:39  Probe  
  79  5:40  Protoss Ground Weapons Level 1 (Chrono Boost)  
  81  5:45  Probe  
  78  5:51  Probe  
  78  5:54  Robotics Bay  
  78  5:55  Observer (Chrono Boost)  
  78  5:56  Robotics Facility  
  80  6:02  Probe  
  81  6:05  Photon Cannon  
  81  6:07  Probe x2  
  81  6:08  Gateway x2  
  83  6:14  Probe  
  83  6:16  Sentry  
  83  6:17  Sentry, Adept  
  90  6:21  Assimilator, Probe x2  
  92  6:26  Assimilator, Probe  
  93  6:35  Extended Thermal Lance  
  93  6:48  Pylon  
  93  6:50  Pylon  
  93  6:53  Pylon  
  93  6:54  Pylon  
  93  6:57  Pylon  
  93  7:04  Colossus (Chrono Boost)  
  93  7:06  Probe x3  
  108  7:10  Gateway  
  108  7:13  Protoss Ground Weapons Level 2 (Chrono Boost)  
  108  7:14  Colossus (Chrono Boost)  
  108  7:16  Stalker x5  
  108  7:18  Probe  
  119  7:29  Gateway x2  
  119  7:32  Gateway  
  119  7:35  Oracle  
  122  7:37  Gateway  
  122  7:39  Gateway  
  122  7:41  Gateway  
  122  7:43  Pylon  
  122  7:44  Pylon, Photon Cannon  
  122  7:48  Pylon  
  122  7:54  Blink (Chrono Boost), Disruptor (Chrono Boost)  
  122  7:58  Disruptor (Chrono Boost)  
  128  8:07  Adept  
  128  8:08  Adept x4  
  120  8:39  Stalker x5  
  120  8:40  Disruptor x2  
  137  8:41  Probe x3  
  137  8:47  Gateway  
  139  8:48  Observer  
  139  8:50  Gateway  
  139  8:52  Pylon  
  139  8:53  Probe, Photon Cannon  
  140  9:06  Pylon  
  140  9:07  Pylon  
  140  9:16  Nexus  
  140  9:17  Adept x2  
  140  9:19  Pylon  
  140  9:23  Disruptor x2  
  148  9:41  Stalker x5  
  148  9:42  Stalker  
  160  9:58  Dark Shrine  
  160  9:59  Photon Cannon  
  160  10:00  Fleet Beacon  
  160  10:01  Pylon  
  160  10:02  Pylon  
  160  10:03  Shield Battery  
  160  10:13  Observer x2 (Chrono Boost)  
  162  10:42  Zealot x6  
  172  10:43  Zealot x3  
Show
View Real Time Build Order
Export as new Build Order

BatGrok Zerg 

Build Orders: Hatch First, Lurkers 

Get SALT Encoding   

  12  0:01  Drone  
  13  0:13  Overlord  
  13  0:17  Drone  
  14  0:31  Drone x2  
  16  0:35  Drone  
  17  0:52  Hatchery  
  17  0:55  Drone  
  17  0:59  Drone  
  18  1:09  Extractor  
  17  1:14  Spawning Pool  
  17  1:17  Drone  
  17  1:20  Drone  
  18  1:29  Drone  
  19  1:40  Overlord  
  19  2:01  Queen  
  19  2:02  Zergling x4  
  19  2:04  Queen  
  19  2:05  Drone  
  26  2:09  Metabolic Boost  
  26  2:16  Drone x2  
  28  2:32  Hatchery  
  28  2:35  Drone  
  28  2:41  Drone x2  
  30  2:48  Queen  
  32  2:52  Drone  
  33  3:00  Drone x3  
  33  3:02  Overlord  
  36  3:20  Overlord  
  36  3:22  Drone x4  
  36  3:23  Zergling x2  
  36  3:26  Spore Crawler  
  40  3:29  Spore Crawler  
  39  3:38  Queen  
  43  3:43  Drone x2  
  45  3:50  Lair  
  45  3:52  Drone x2  
  45  3:53  Drone x2  
  45  3:55  Extractor  
  46  3:56  Extractor  
  46  3:58  Drone x2  
  47  4:07  Spore Crawler  
  46  4:10  Drone x3  
  46  4:11  Drone  
  46  4:13  Overlord x2  
  48  4:29  Overlord  
  48  4:30  Drone  
  49  4:33  Zergling x4  
  49  4:34  Zergling x8  
  49  4:35  Evolution Chamber  
  54  4:40  Extractor  
  54  4:42  Drone x4  
  54  4:43  Drone  
  58  4:46  Drone  
  58  4:47  Burrow  
  58  4:51  Drone x2  
  61  4:54  Drone  
  62  5:03  Drone x2, Hydralisk Den  
  63  5:09  Drone x2  
  63  5:11  Drone x4  
  69  5:15  Drone x2  
  69  5:18  Zerg Missile Weapons Level 1  
  71  5:27  Zergling x6  
  65  5:36  Zergling x10  
  67  5:48  Hydralisk x5  
  73  5:55  Drone  
  74  6:03  Overlord  
  74  6:04  Overlord x3  
  74  6:06  Lurker Den  
  74  6:07  Muscular Augments  
  72  6:24  Drone x8  
  77  6:29  Drone x4  
  77  6:30  Drone  
  79  6:36  Hydralisk  
  79  6:37  Hydralisk x2  
  85  6:44  Hydralisk x2  
  89  6:48  Extractor  
  89  6:49  Overlord  
  89  6:50  Extractor  
  87  6:56  Drone x3  
  87  6:58  Overlord x2  
  90  7:07  Overlord x2  
  90  7:08  Overlord, Hydralisk  
  92  7:17  Hydralisk x4  
  100  7:23  Grooved Spines  
  100  7:28  Hydralisk x3  
  106  7:31  Drone x3  
  106  7:32  Drone  
  110  7:37  Lurker x2  
  110  7:38  Lurker  
  110  7:42  Lurker  
  110  7:43  Zergling x2  
  110  7:44  Zergling x10  
  119  7:50  Zergling x6  
  123  7:58  Hydralisk x4  
  129  8:17  Hydralisk x3  
  129  8:18  Hydralisk  
  117  8:29  Hydralisk  
  117  8:30  Hydralisk x5  
  97  8:39  Zergling x2  
  97  8:40  Zergling x18  
  107  8:50  Lurker x2  
  107  8:51  Lurker  
  107  8:52  Zergling x2  
  107  8:53  Zergling x4  
  113  8:58  Queen x2  
  117  9:04  Hatchery  
  117  9:06  Drone x3  
  117  9:07  Drone x3  
  117  9:08  Drone x2  
  124  9:14  Hydralisk x3  
  124  9:16  Hydralisk  
  124  9:17  Hydralisk x3  
  130  9:35  Lurker x3  
  130  9:36  Hatchery  
  129  9:41  Hydralisk x4  
  137  9:53  Hatchery  
  137  9:55  Lurker x2  
  137  9:57  Overlord x3  
  138  10:10  Extractor  
  138  10:11  Infestation Pit, Extractor  
  138  10:12  Spire  
  134  10:15  Drone x3  
  134  10:16  Drone x3  
  134  10:17  Drone  
  134  10:18  Drone x2  
  134  10:34  Hydralisk  
  134  10:35  Hydralisk x6  
  128  10:46  Zergling x2  
  128  10:47  Zergling x20  
Tags
 
Add a new tag
Caveats
  • Supply blocks, unpowered buildings, or Contaminate may cause inaccurate times.
  • Supply counts are checked every 10 seconds.